Map: Acid Plant LE

Players

Lambo - Winner!

  • Race: Zerg Zerg
  • League: Grandmaster
  • Spawn Location: 11:00

llllllllllll

  • Race: Terran Terran
  • Spawn Location: 5:00

VOD

Have the link to the VOD?

Description

Time

  • Played on: Nov. 20, 2018, 7:34 a.m.
  • Length: 13:00
Show
View Real Time Build Order
Export as new Build Order

Lambo Zerg - Winner!

Build Orders: Hatch First, Swarm Host 

Get SALT Encoding   

  12  0:01  Drone  
  13  0:13  Overlord  
  13  0:16  Drone  
  14  0:32  Drone x2  
  16  0:49  Hatchery  
  15  0:51  Drone  
  15  0:55  Drone  
  17  0:58  Drone  
  18  1:09  Extractor  
  17  1:13  Spawning Pool  
  17  1:17  Drone  
  17  1:20  Drone  
  18  1:29  Drone  
  19  1:42  Drone  
  20  1:53  Overlord  
  20  2:00  Queen x2  
  24  2:01  Zergling x4  
  26  2:12  Drone, Metabolic Boost  
  26  2:13  Drone  
  28  2:25  Drone x2  
  30  2:36  Hatchery  
  29  2:46  Drone x2  
  29  2:50  Queen  
  33  2:54  Drone  
  33  2:55  Overlord  
  34  3:02  Drone x2  
  36  3:08  Overlord  
  36  3:17  Drone x5  
  41  3:21  Queen  
  43  3:28  Baneling Nest  
  43  3:32  Queen  
  44  3:35  Drone  
  44  3:37  Drone  
  44  3:38  Drone  
  47  3:45  Zergling x8  
  51  3:50  Queen  
  51  3:53  Overlord  
  53  3:58  Drone  
  53  3:59  Drone x2  
  56  4:03  Overlord  
  56  4:04  Drone  
  56  4:08  Overlord  
  57  4:15  Lair  
  57  4:16  Drone  
  58  4:19  Overlord  
  58  4:22  Spore Crawler  
  58  4:23  Spore Crawler  
  56  4:27  Spore Crawler  
  56  4:28  Drone x2  
  57  4:34  Drone x4  
  57  4:37  Zergling x4  
  62  4:39  Drone  
  62  4:42  Drone x2  
  62  4:45  Drone x2  
  67  4:49  Extractor  
  67  4:50  Extractor, Zergling x4  
  65  4:54  Queen  
  65  4:56  Baneling x2  
  65  4:57  Drone  
  68  5:01  Drone x3  
  68  5:04  Baneling x4  
  71  5:10  Spore Crawler  
  69  5:17  Baneling  
  64  5:22  Drone x10  
  64  5:27  Drone x3  
  72  5:37  Zergling x12  
  72  5:41  Drone  
  72  5:42  Drone  
  78  5:48  Drone  
  79  5:55  Evolution Chamber  
  79  5:56  Evolution Chamber  
  79  5:57  Queen  
  77  5:58  Overseer  
  77  5:59  Drone x3  
  77  6:03  Drone  
  81  6:04  Extractor, Hydralisk Den  
  81  6:08  Drone  
  81  6:09  Overlord  
  80  6:12  Overlord, Drone  
  80  6:14  Drone  
  81  6:18  Overlord  
  81  6:19  Extractor  
  81  6:22  Zerg Ground Armor Level 1  
  80  6:27  Hatchery  
  80  6:31  Drone  
  80  6:32  Drone x4  
  84  6:35  Extractor, Zerg Melee Weapons Level 1  
  84  6:39  Overseer  
  83  6:40  Overlord  
  83  6:41  Zergling x6  
  83  6:42  Zergling x10  
  91  6:53  Overlord  
  91  6:57  Zergling x10  
  96  7:02  Grooved Spines  
  96  7:07  Hydralisk x5  
  106  7:09  Infestation Pit  
  106  7:12  Hydralisk  
  106  7:15  Drone  
  108  7:20  Hydralisk x3  
  114  7:24  Hydralisk  
  114  7:28  Hatchery  
  114  7:29  Hydralisk  
  116  7:30  Hydralisk  
  120  7:41  Overlord x2  
  120  7:43  Overlord x2  
  120  7:44  Overlord  
  120  7:45  Centrifical Hooks  
  120  7:47  Overlord  
  120  7:49  Overlord  
  120  7:50  Baneling x2  
  120  7:51  Baneling x6  
  120  7:56  Overlord  
  120  8:03  Hydralisk x4  
  127  8:13  Drone  
  127  8:14  Drone  
  127  8:15  Muscular Augments  
  129  8:21  Drone x11  
  129  8:23  Extractor  
  129  8:25  Spine Crawler  
  129  8:26  Extractor  
  137  8:36  Drone  
  136  8:44  Overlord  
  135  8:54  Swarm Host x10  
  165  8:57  Queen  
  165  8:59  Spine Crawler x2  
  165  9:11  Swarm Host x4  
  165  9:12  Hatchery  
  176  9:20  Hive  
  172  9:26  Swarm Host x3  
  172  9:28  Zergling x10  
  172  9:29  Zergling x2  
  185  9:33  Overlord  
  183  9:40  Overlord  
  183  9:42  Overlord  
  183  9:43  Overseer  
  181  9:46  Zergling x20  
  181  9:49  Zerg Missile Weapons Level 1  
  181  9:52  Zerg Melee Weapons Level 2  
  182  10:01  Queen  
  182  10:03  Hydralisk x4  
  192  10:08  Zergling x12  
  192  10:09  Baneling x2  
  198  10:16  Baneling x8  
  198  10:27  Zergling x2  
  198  10:28  Zergling x10  
  200  10:34  Spire  
  198  10:39  Baneling x12  
  198  10:46  Hydralisk x5  
  195  11:07  Hydralisk  
  195  11:08  Hydralisk, Zergling x2  
  200  11:13  Hydralisk x5  
  200  11:16  Hydralisk x5  
  200  11:17  Zergling x2  
  192  11:18  Hydralisk x4  
  192  11:25  Zergling x10  
  191  11:41  Spine Crawler  
  191  11:44  Baneling x10  
  191  11:46  Greater Spire  
  190  11:50  Spine Crawler, Drone x3  
  190  11:51  Drone x3  
  190  11:53  Viper  
  197  12:09  Hydralisk  
  198  12:22  Extractor  
  197  12:23  Extractor  
  197  12:28  Hydralisk x10  
  196  12:31  Hatchery  
  196  12:34  Zergling x10  
Show
View Real Time Build Order
Export as new Build Order

llllllllllll Terran 

Build Orders: Hellion Banshee, Mech 

Get SALT Encoding   

  12  0:00  SCV  
  13  0:12  SCV  
  14  0:17  Supply Depot  
  14  0:24  SCV  
  15  0:38  SCV  
  15  0:39  Barracks  
  16  0:44  Refinery  
  16  0:50  SCV  
  17  1:02  SCV  
  18  1:15  SCV  
  19  1:27  Marine, Orbital Command  
  20  1:38  Command Center  
  20  1:49  Factory  
  20  1:53  SCV  
  21  2:01  Supply Depot  
  21  2:03  Barracks Reactor  
  21  2:06  SCV  
  22  2:12  Refinery  
  22  2:18  SCV  
  23  2:30  SCV  
  24  2:38  Starport  
  24  2:43  SCV, Hellion x2  
  29  2:50  Orbital Command  
  29  2:53  Barracks Tech Lab  
  29  2:55  SCV  
  30  3:06  Hellion x2  
  30  3:07  SCV  
  35  3:16  SCV  
  37  3:20  SCV  
  37  3:21  Cloaking Field  
  37  3:23  Banshee  
  40  3:31  Supply Depot  
  44  3:34  Hellion x2  
  44  3:37  SCV  
  44  3:38  SCV  
  46  3:53  SCV x2  
  48  3:56  Hellion x2  
  48  3:59  Supply Depot  
  52  4:05  SCV x2  
  54  4:11  Armory  
  54  4:20  SCV x2, Banshee  
  54  4:21  Supply Depot  
  54  4:24  Hellion  
  61  4:32  SCV  
  62  4:39  Command Center  
  62  4:42  SCV, Hellion  
  65  4:48  SCV  
  66  4:56  SCV  
  67  5:00  SCV  
  67  5:02  Refinery x2, Terran Vehicle Weapons Level 1  
  68  5:08  Hellion  
  68  5:10  Supply Depot  
  70  5:17  SCV x2  
  70  5:21  Hellion  
  60  5:29  SCV x2  
  60  5:36  Factory  
  60  5:37  Factory x2  
  60  5:38  Factory  
  60  5:41  SCV x2  
  62  5:49  Banshee  
  61  5:50  Barracks Reactor  
  61  5:51  Orbital Command  
  61  5:53  SCV  
  61  5:55  Engineering Bay  
  62  5:58  Hellion x2  
  62  5:59  SCV  
  67  6:08  SCV  
  68  6:16  SCV  
  69  6:19  Armory, Orbital Command  
  69  6:23  SCV  
  70  6:28  SCV  
  71  6:36  Factory Tech Lab  
  71  6:37  Factory Tech Lab  
  71  6:38  Factory Reactor, Refinery  
  71  6:40  SCV x2, Hellion x2  
  71  6:43  Refinery  
  71  6:46  SCV  
  78  6:49  Supply Depot  
  78  6:50  Supply Depot  
  78  6:52  Thor, SCV  
  85  6:54  Medivac  
  85  6:55  Medivac  
  85  6:56  SCV  
  85  6:58  SCV  
  91  7:04  SCV  
  91  7:06  Supply Depot  
  93  7:08  SCV  
  93  7:11  Thor, SCV  
  93  7:12  Hellion x2  
  93  7:14  Terran Vehicle And Ship Armor Level 1  
  104  7:16  SCV, Supply Depot  
  104  7:19  Terran Vehicle Weapons Level 2  
  104  7:20  SCV  
  106  7:23  SCV  
  104  7:31  Hellion x2  
  104  7:32  Siege Tank  
  104  7:33  SCV x2  
  104  7:35  SCV  
  114  7:37  Supply Depot  
  114  7:44  Siege Tank  
  114  7:45  SCV x2, Hellion  
  120  7:55  Hellion  
  120  7:56  Hellion  
  124  7:59  Hellion  
  124  8:00  Supply Depot  
  129  8:05  Supply Depot, Siege Tank  
  129  8:06  Supply Depot  
  129  8:08  SCV  
  133  8:15  Infernal Pre-Igniter  
  133  8:20  Command Center  
  133  8:22  SCV x2, Hellion x3  
  141  8:27  Viking x2, Siege Tank  
  141  8:32  Siege Tank, Supply Depot  
  148  8:36  Hellion  
  147  8:47  Hellion, Siege Tank  
  147  8:48  Hellion  
  151  8:49  Hellion  
  151  8:55  Smart Servos  
  153  8:57  Viking x2  
  153  8:59  Siege Tank  
  153  9:00  Supply Depot x2  
  153  9:02  Hellion  
  162  9:05  Hellion  
  164  9:15  Hellion  
  164  9:17  Supply Depot  
  164  9:18  Supply Depot x2  
  164  9:19  Hellion  
  164  9:21  Siege Tank  
  164  9:22  Hellion  
  169  9:29  Command Center, Hellion, Siege Tank  
  172  9:31  Hellion  
  172  9:45  Hellion x3  
  174  9:51  Hellion  
  160  9:56  Factory x2  
  160  9:57  Factory  
  160  9:58  Terran Vehicle Weapons Level 3  
  160  9:59  Terran Vehicle And Ship Armor Level 2, Sensor Tower  
  160  10:00  Hellion x9  
  149  10:09  Hellion x3  
  155  10:14  Thor  
  160  10:21  Command Center  
  152  10:31  Siege Tank x2  
  152  10:32  Hellion  
  152  10:33  Hellion  
  164  10:35  Hellion  
  164  10:47  Hellion  
  158  10:57  Hellion, Siege Tank  
  158  10:58  Hellion x2  
  158  11:04  Hellion  
  167  11:09  Hellion  
  124  11:19  Hellion  
  124  11:21  Hellion x2  
  124  11:25  Siege Tank  
  108  11:26  Hellion x4  
  108  11:30  Hellion x5  
  108  11:31  Hellion  
  115  11:40  Hellion  
  115  11:42  Hellion x2  
  121  11:51  Hellion  
  121  11:52  Hellion x2  
  127  11:54  Hellion x16  
  127  11:56  Hellion x3  
  127  11:57  Hellion  
  135  12:02  Hellion  
  135  12:03  Hellion  
  135  12:05  Hellion  
  140  12:13  Hellion  
  140  12:14  Hellion  
  127  12:18  SCV x3  
  130  12:24  Hellion  
  106  12:30  SCV x2, Hellion x5  
  106  12:31  Hellion x2  
  106  12:36  Hellion x2  
Tags
 
Add a new tag
Caveats
  • Supply blocks, unpowered buildings, or Contaminate may cause inaccurate times.
  • Supply counts are checked every 10 seconds.